 Dungeon Crawl Stone Soup version 0.25-a0-815-gab441bd002 (webtiles) character file.

Game seed: 13955492432858948370, levelgen mode: deterministic

136 Fukker the Twirler (level 4, -11/33 HPs)
             Began as a Demonspawn Gladiator on Apr 20, 2020.
             Was an Initiate of Okawaru.
             Mangled by an ogre
             ... wielding a +0 giant spiked club
              (22 damage)
             ... on level 4 of the Dungeon.
             The game lasted 00:05:18 (2812 turns).

Fukker the Twirler (Demonspawn Gladiator)           Turns: 2812, Time: 00:05:18

Health: -11/33     AC:  9    Str: 15    XL:     4   Next: 98%
Magic:  4/4        EV: 10    Int:  9    God:    Okawaru [......]
Gold:   167        SH:  0    Dex: 15    Spells: 3/3 levels left

rFire    + . .     SeeInvis .   a - +0 quarterstaff
rCold    . . .     Gourm    .   (shield currently unavailable)
rNeg     . . .     Faith    .   B - +0 scale mail {rF+}
rPois    .         Spirit   .   c - +0 helmet
rElec    .         Reflect  .   (no cloak)
rCorr    .         Harm     .   (no gloves)
MR       .....                  (no boots)
Stlth    ..........             o - amulet of magic regeneration
HPRegen  0.11/turn              (no ring)
MPRegen  0.34/turn              (no ring)

@: no status effects
A: talons 1, iridescent scales 1, powered by pain 1
a: Renounce Religion


You were on level 4 of the Dungeon.
You worshipped Okawaru.
Okawaru was noncommittal.
You were not hungry.

You visited 1 branch of the dungeon, and saw 4 of its levels.

You collected 167 gold pieces.

Inventory:

Hand Weapons
 a - a +0 quarterstaff (weapon)
 k - a +1 whip of pain
Missiles
 g - 102 stones (quivered)
 h - 53 bolts
 r - 62 arrows
 y - 3 throwing nets
Armour
 b - a +0 leather armour
 c - a +0 helmet (worn)
 s - a +0 plate armour
 B - a +0 scale mail of fire resistance (worn)
Jewellery
 o - an amulet of magic regeneration (around neck)
 q - a +3 ring of strength {unknown}
Wands
 d - a wand of random effects (9)
Scrolls
 j - 3 scrolls of teleportation {unknown}
 l - a scroll of enchant weapon {unknown}
 m - 7 scrolls of identify {unknown}
 n - a scroll of remove curse {unknown}
 w - a scroll of fog {unknown}
 x - 2 scrolls of amnesia {unknown}
Potions
 e - 4 potions of mutation {unknown}
 i - a potion of resistance {unknown}
 p - a potion of curing {unknown}
 t - a potion of magic {unknown}
 u - 2 potions of brilliance {unknown}
 v - a potion of berserk rage {unknown}
 z - a potion of invisibility {unknown}
 A - 2 potions of might {unknown}
 C - a potion of flight {unknown}
Comestibles
 f - 6 rations


   Skills:
 - Level 2.0 Fighting
 + Level 4.8 Staves
 - Level 2.0 Throwing
 - Level 1.2 Armour
 - Level 2.6 Dodging


You had 3 spell levels left.
You didn't know any spells.
Your spell library was empty.

Dungeon Overview and Level Annotations

Branches:
Dungeon (4/15)
 Temple: D:4-7

Altars:
Dithmenos
Hepliaklqana
Okawaru
Qazlal
Sif Muna

Annotations:
D:4 1 transporter


Innate Abilities, Weirdness & Mutations

You have sharp toenails.
You are partially covered in iridescent scales. (AC +2)
You sometimes gain a little power by taking damage.


Message History

Press: ? - help, Shift-Dir - straight line, f/p - ogre
Aim: an ogre, wielding a +0 giant spiked club (lightly wounded)
You throw a stone. The stone barely misses the ogre.
Throwing (i - inventory. (/) - cycle)
g - 103 stones (quivered)
Press: ? - help, Shift-Dir - straight line, f/p - ogre
Aim: an ogre, wielding a +0 giant spiked club (lightly wounded)
You throw a stone. The stone hits the ogre.
The ogre is lightly wounded.
You hit the ogre.
The ogre is lightly wounded.
The ogre barely misses you.
You closely miss the ogre.
The ogre is lightly wounded.
The ogre hits you with a +0 giant spiked club!!
Ouch! That really hurt!
You barely miss the ogre.
The ogre is lightly wounded.
The ogre hits you with a +0 giant spiked club!!
Ouch! That really hurt!
You die...

#°○○$$$°○.
#####.○.$Y(☼. ...#
######
######.####.©.#
.........<#...#
######.#####.## #.#
#..# ###.#
#.####.######......
#..........@O(.(..(
##############.....
..( .


You could see an ogre.

Vanquished Creatures
  Terence (D:3)
  A worker ant (D:3)
  3 adders (D:3)
  An ooze (D:3)
  A worm (D:2)
  A dart slug (D:1)
  2 leopard geckos
  9 orcs
  2 giant cockroaches (D:3)
  4 goblins
  3 hobgoblins
  2 quokkas
  2 bats (D:3)
  2 frilled lizards
  5 kobolds
  3 rats
42 creatures vanquished.

Notes
Turn   | Place    | Note
-------+----------+-------------------------------------------
     0 | D:1      | Fukker the Demonspawn Gladiator began the quest for the
                  | Orb.
     0 | D:1      | Reached XP level 1. HP: 16/16 MP: 1/1
   523 | D:1      | Reached skill level 3 in Staves
   730 | D:1      | Gained mutation: You have sharp toenails. [demonic
                  | ancestry]
   730 | D:1      | Reached XP level 2. HP: 22/22 MP: 2/2
  1809 | D:3      | Noticed Terence
  1839 | D:3      | Reached skill level 1 in Armour
  1839 | D:3      | Gained mutation: You sometimes gain a little power by
                  | taking damage. [demonic ancestry]
  1839 | D:3      | Reached XP level 3. HP: 25/27 MP: 3/3
  1888 | D:2      | HP: 1/27 [poisoned by an adder]
  2275 | D:3      | Reached skill level 4 in Staves
  2301 | D:3      | Gained mutation: You are partially covered in iridescent
                  | scales. (AC +2) [demonic ancestry]
  2301 | D:3      | Reached XP level 4. HP: 21/33 MP: 4/4
  2339 | D:3      | Killed Terence
  2552 | D:3      | Found a shadowy altar of Dithmenos.
  2569 | D:3      | Found a stormy altar of Qazlal.
  2570 | D:3      | Noticed an earth elemental
  2572 | D:3      | Noticed an air elemental
  2572 | D:3      | Noticed a water elemental
  2572 | D:3      | Noticed a fire elemental
  2638 | D:3      | Found an iron altar of Okawaru.
  2639 | D:3      | Found a shimmering blue altar of Sif Muna.
  2642 | D:3      | Found a hazy altar of Hepliaklqana.
  2649 | D:3      | Became a worshipper of Warmaster Okawaru
  2793 | D:4      | Found a transporter.
  2796 | D:4      | Noticed an ice beast
  2796 | D:4      | Noticed an ice beast
  2796 | D:4      | Noticed an ice beast
  2804 | D:4      | Noticed an ogre
  2812 | D:4      | Mangled by an ogre

Levels and vault maps discovered:
D:1:      dpeg_arrival_three_same_balls, layout_basic
D:2:      layout_basic
D:3:      layout_rooms, nicolae_qazlal_style_of_elements, minitemple,
          st_stairs_9, lemuel_statue_altar, uniq_terence
D:4:      gammafunk_cloud_chamber, layout_basic, first_ration

Skill      XL: |  1  2  3 |
---------------+----------+-----
Staves         | 3 4 |  4.8
Throwing       | 2 |  2.0
Armour         | 1 |  1.2
Fighting       | |  2.0
Dodging        | |  2.6

Action                   |  1- 3 |  4- 6 || total
-------------------------+-------+-------++-------
Melee: Quarterstaff      |    74 |    53 ||   127
       Kick              |    18 |    14 ||    32
Throw: Stone             |     4 |     7 ||    11
       Throwing net      |       |     3 ||     3
 Stab: Sleeping          |     2 |       ||     2
  Eat: Chunk             |     4 |     2 ||     6
Armor: Leather armour    |    15 |       ||    15
       Scale mail        |       |    22 ||    22
Dodge: Dodged            |    40 |    36 ||    76

Table legend:
 A = Non-vault XP
 B = Vault XP
 C = Vault XP percentage of total XP
 D = Non-vault monster count
 E = Vault monster count
 F = Vault count percentage of total count
                 A         B        C        D         E       F
            +---------+---------+-------+---------+---------+-------
      Total |     156 |      39 |  20.0 |      39 |       3 |   7.1
            +---------+---------+-------+---------+---------+-------
        D:1 |      13 |       0 |   0.0 |       7 |       0 |   0.0
        D:2 |      19 |       2 |   9.5 |       8 |       1 |  11.1
        D:3 |     124 |      37 |  23.0 |      24 |       2 |   7.7
            +---------+---------+-------+---------+---------+-------
